AoeStats
← rdy2work

Black Forest

510711239Analyzed
2v2 RM · 11h ago on Oct 2, 2026· 50m 58s· 4 players
Game mode
Random Map
Map size
Medium (4 player)
Population
200
Speed
Normal
Resources
Standard
Victory
Conquest
Starting age
Dark Age
Ending age
Imperial Age
RankedLock teamsTeams togetherTeam positionsShared explorationLock speedFull tech treeHidden civsTurbo modeCheats
Victory
Defeat
🇫🇷 Burgundians · France
1056
+14
🇹🇷 Khmer · Türkiye
1034
+14
🇨🇳 Mongols · China
1007
-14
🇨🇳 Gurjaras · China
996
-14
40436350
0:28 Loom
13:22 Feudal Age
18:49 Castle Age
20:13 Double-Bit Axe
30:53 Imperial Age
28:50 Horse Collar
30:37 Ballistics
31:05 Fletching
33:54 Conscription
35:29 Bloodlines
37:28 Chemistry
36:34 Husbandry
37:10 Heavy Plow
39:48 Wheelbarrow
38:59 Town Watch
39:46 Kshatriyas
39:46 Murder Holes
40:04 Forging
40:53 Elite Skirmisher
41:53 Bow Saw
43:16 Iron Casting
42:46 Scale Barding Armor
42:07 Heavy Camel Rider
42:42 Gold Mining
45:24 Chain Barding Armor
rdy2work
6:12 Loom
10:38 Feudal Age
11:21 Double-Bit Axe
11:42 Gold Mining
14:44 Horse Collar
20:46 Castle Age
18:55 Stone Mining
20:12 Bloodlines
24:07 Bow Saw
24:34 Wheelbarrow
31:09 Imperial Age
28:53 Husbandry
30:16 Hand Cart
30:27 Ballistics
32:27 Conscription
31:34 Elite Steppe Lancer
32:21 Town Watch
33:46 Stone Shaft Mining
33:46 Gold Shaft Mining
35:09 Chemistry
34:16 Scale Barding Armor
34:22 Forging
35:30 Chain Barding Armor
35:36 Capped Ram
36:58 Iron Casting
39:11 Blast Furnace
39:20 Drill
39:23 Masonry
40:48 Hoardings
41:46 Fervor
42:24 Heavy Plow
43:02 Gold Shaft Mining
43:15 Town Patrol
42:57 Heavy Scorpion
44:46 Cavalier
King Benou
0:54 Loom
12:32 Feudal Age
11:29 Double-Bit Axe
14:39 Gold Mining
15:39 Bow Saw
17:35 Horse Collar
19:04 Fishing Lines
20:53 Gold Shaft Mining
21:53 Gillnets
24:31 Castle Age
23:37 Fletching
24:10 Scale Barding Armor
24:16 Forging
26:17 Cavalier
29:43 Bodkin Arrow
31:13 Wheelbarrow
30:26 Town Watch
31:20 Stone Mining
33:29 Iron Casting
39:34 Imperial Age
37:20 Hand Cart
37:20 Husbandry
37:48 Heavy Plow
39:55 Padded Archer Armor
41:25 Paladin
42:30 Chain Barding Armor
43:56 Chemistry
43:10 Caravan
44:23 Two-Man Saw
45:20 Blast Furnace
44:21 Bracer
48:35 Plate Barding Armor
47:33 Capped Ram
48:38 Leather Archer Armor
49:33 Masonry
49:34 Careening
49:04 Treadmill Crane
49:31 Siphons
49:16 Guard Tower
49:47 Bombard Tower
49:13 Arrowslits
49:39 Fortified Wall
49:50 Ballistics
49:53 Onager
remoba66_
0:28 Loom
13:56 Feudal Age
18:00 Castle Age
15:58 Horse Collar
16:13 Double-Bit Axe
20:15 Heavy Plow
21:28 Bow Saw
27:10 Wheelbarrow
29:06 Hand Cart
34:35 Imperial Age
32:08 Tusk Swords
33:43 Scale Barding Armor
33:50 Forging
33:32 Fletching
33:42 Padded Archer Armor
33:11 Light Cavalry
34:02 Bloodlines
34:25 Caravan
35:30 Chain Barding Armor
35:07 Bodkin Arrow
35:27 Leather Archer Armor
36:40 Chemistry
35:53 Bracer
36:11 Leather Archer Armor
37:00 Double Crossbow
37:23 Conscription
36:50 Heavy Scorpion
37:29 Hussar
39:13 Plate Barding Armor
39:46 Elite Ballista Elephant
41:59 Ring Archer Armor
41:36 Siege Engineers
42:08 Iron Casting
Connection lost

Rejoining the realm…

Still unreachable

The connection could not be restored.

Session expired

The server has moved on; the page needs a fresh start.